Map: Neon Violet Square LE

Players

MaNa - Winner!

  • Race: Protoss Protoss
  • Spawn Location: 5:00

PappiJoe

  • Race: Protoss Protoss
  • Spawn Location: 11:00

Event: WCS Leipzig 2018

VOD

Have the link to the VOD?

Description

Time

  • Played on: Jan. 26, 2018, 6:42 a.m.
  • Length: 13:19

All games in this series

Show
View Real Time Build Order
Export as new Build Order

MaNa Protoss - Winner!

Build Orders:  

Get SALT Encoding   

  12  0:00  Probe  
  13  0:12  Probe  
  14  0:18  Pylon  
  14  0:24  Probe (Chrono Boost)  
  15  0:37  Probe (Chrono Boost)  
  15  0:39  Gateway  
  16  0:45  Probe (Chrono Boost)  
  16  0:48  Assimilator  
  17  0:51  Probe (Chrono Boost)  
  18  0:57  Assimilator  
  18  1:03  Probe (Chrono Boost)  
  20  1:12  Probe (Chrono Boost)  
  20  1:14  Gateway  
  20  1:17  Probe  
  21  1:27  Zealot  
  23  1:46  Cybernetics Core  
  21  2:17  Nexus  
  21  2:19  Stalker (Chrono Boost)  
  23  2:31  Pylon  
  22  2:57  Gateway  
  21  3:07  Cybernetics Core  
  21  3:13  Probe  
  22  3:26  Probe (Chrono Boost)  
  23  3:41  Probe (Chrono Boost)  
  24  3:46  Warp Gate  
  24  3:52  Pylon  
  24  4:10  Robotics Facility  
  24  4:12  Stalker  
  24  4:16  Probe  
  27  4:21  Assimilator  
  27  4:30  Gateway  
  27  4:42  Pylon  
  26  4:47  Probe  
  26  4:50  Assimilator  
  27  4:58  Immortal (Chrono Boost)  
  27  5:06  Probe  
  32  5:18  Probe  
  32  5:20  Shield Battery  
  33  5:30  Probe, Observer, Gateway  
  35  5:43  Observer  
  35  5:49  Stalker  
  37  5:50  Stalker  
  39  5:57  Pylon  
  39  6:12  Immortal (Chrono Boost)  
  39  6:15  Probe  
  43  6:27  Probe, Stalker  
  42  6:36  Stalker  
  40  6:54  Immortal (Chrono Boost)  
  39  7:03  Stalker  
  39  7:04  Stalker  
  43  7:11  Stalker  
  45  7:17  Pylon  
  45  7:28  Probe  
  46  7:31  Observer (Chrono Boost)  
  46  7:36  Stalker, Sentry  
  51  7:40  Stalker  
  53  7:49  Pylon  
  53  7:58  Warp Prism  
  55  8:12  Sentry, Zealot  
  59  8:14  Zealot  
  61  8:26  Pylon  
  61  8:38  Sentry  
  63  8:42  Immortal (Chrono Boost)  
  67  8:59  Sentry x2  
  71  9:14  Pylon  
  71  9:21  Observer  
  71  9:32  Nexus, Immortal  
  75  9:43  Observer  
  75  10:05  Stalker x3  
  78  10:08  Probe (Chrono Boost)  
  75  10:20  Probe (Chrono Boost), Immortal  
  78  10:29  Probe (Chrono Boost)  
  78  10:56  Probe x2  
  80  11:00  Observer  
  81  11:08  Probe  
  82  11:17  Probe  
  83  11:20  Probe, Stalker x2  
  88  11:29  Probe  
  88  11:32  Probe  
  92  11:48  Immortal  
  92  11:51  Pylon  
  94  12:16  Stalker  
  94  12:17  Stalker, Zealot  
  100  12:25  Immortal (Chrono Boost)  
  100  12:46  Zealot  
  88  13:05  Adept x2  
  76  13:07  Adept  
Show
View Real Time Build Order
Export as new Build Order

PappiJoe Protoss 

Build Orders: Cannon Rush 

Get SALT Encoding   

  12  0:00  Probe  
  13  0:16  Pylon  
  13  0:18  Probe  
  14  0:31  Probe (Chrono Boost)  
  15  0:37  Forge  
  15  0:44  Probe (Chrono Boost)  
  16  0:52  Probe (Chrono Boost), Pylon  
  18  1:04  Probe  
  18  1:11  Photon Cannon  
  18  1:28  Pylon  
  18  1:29  Pylon  
  18  1:31  Pylon  
  18  1:48  Photon Cannon  
  18  1:52  Photon Cannon  
  17  1:57  Photon Cannon  
  17  2:03  Gateway  
  17  2:06  Pylon  
  17  2:15  Photon Cannon  
  17  2:17  Photon Cannon x2  
  17  2:30  Probe, Assimilator  
  18  2:37  Pylon  
  18  2:41  Assimilator  
  19  2:48  Photon Cannon  
  18  2:59  Probe  
  18  3:01  Cybernetics Core  
  19  3:11  Probe  
  20  3:23  Probe  
  20  3:24  Pylon  
  21  3:35  Probe, Warp Gate (Chrono Boost)  
  22  3:42  Stalker  
  22  3:47  Probe  
  25  3:59  Robotics Facility  
  25  4:06  Gateway  
  25  4:09  Pylon  
  25  4:14  Stalker  
  27  4:17  Probe  
  28  4:31  Gateway  
  28  4:53  Warp Prism (Chrono Boost)  
  28  4:57  Stalker (Chrono Boost)  
  32  5:07  Stalker (Chrono Boost)  
  32  5:25  Observer (Chrono Boost)  
  33  5:32  Stalker  
  35  5:41  Stalker  
  35  5:42  Stalker  
  43  5:58  Stalker x2  
  47  6:05  Pylon  
  47  6:10  Pylon  
  47  6:14  Shield Battery  
  43  6:18  Stalker x2  
  45  6:38  Zealot  
  39  6:47  Zealot  
  39  6:48  Zealot  
  35  6:57  Immortal (Chrono Boost)  
  35  7:22  Sentry x3  
  39  7:26  Immortal (Chrono Boost)  
  45  7:46  Pylon  
  45  7:49  Stalker  
  45  7:50  Stalker x2  
  51  8:13  Stalker x2  
  51  8:14  Stalker  
  57  8:25  Warp Prism (Chrono Boost)  
  57  8:41  Sentry  
  57  8:42  Stalker  
  57  8:46  Adept  
  63  9:13  Pylon  
  60  9:29  Adept x2  
  63  9:37  Pylon  
  63  9:43  Pylon  
  63  9:55  Immortal  
  63  10:22  Nexus  
  63  10:55  Adept  
  63  10:56  Adept  
  65  11:12  Adept  
  65  11:16  Adept  
  69  11:32  Immortal (Chrono Boost)  
  73  12:07  Sentry x2  
  73  12:08  Sentry  
  79  12:30  Pylon  
Tags
 
Add a new tag
Caveats
  • Supply blocks, unpowered buildings, or Contaminate may cause inaccurate times.
  • Supply counts are checked every 10 seconds.